 Dungeon Crawl Stone Soup version 0.26-a0-651-gb41185065b (webtiles) character file.

Game seed: 8263827398533263548

2647 kae the Grappler (level 9, -10/70 HPs)
             Began as a Naga Transmuter on Oct 29, 2020.
             Was an Initiate of Cheibriados.
             Mangled by an orc warrior
             ... wielding a +0 scimitar of electrocution
              (23 damage)
             ... on level 8 of the Dungeon.
             The game lasted 00:10:43 (10489 turns).

kae the Grappler (Naga Transmuter)                 Turns: 10489, Time: 00:10:43

Health: -10/70     AC:  6    Str: 13 (16) XL:     9   Next: 62%
Magic:  12/12      EV: 10    Int: 19 (20) God:    Cheibriados [......]
Gold:   1096       SH:  0    Dex: 11 (14) Spells: 8/12 levels left

rFire    + . .     SeeInvis +     - Unarmed
rCold    + . .     Faith    .   (no shield)
rNeg     . . .     Spirit   .   a - +0 robe
rPois    +         Reflect  .   (no helmet)
rElec    +         Harm     .   (no cloak)
rCorr    +         Rampage  .   j - +1 pair of gloves
MR       +....                  (no barding)
Stlth    ++........             i - amulet of regeneration
HPRegen  0.61/turn              d - +6 ring of intelligence
MPRegen  0.13/turn              c - ring of stealth

@: confused, resistant, stab, flying, very slow
A: large, see invisible, deformed body, poison resistance, slowness 2, spit
poison 1, AC +3
a: Spit Poison, Bend Time, Renounce Religion


You were on level 8 of the Dungeon.
You worshipped Cheibriados.
Cheibriados was noncommittal.
You visited 2 branches of the dungeon, and saw 9 of its levels.

You collected 1096 gold pieces.

Inventory:

Armour
 a - a +0 robe (worn)
 j - a +1 pair of gloves (worn)
Jewellery
 c - a ring of stealth (right hand)
 d - a +6 ring of intelligence (left hand)
 h - an uncursed ring of positive energy
 i - an amulet of regeneration (around neck)
 k - an uncursed ring of ice
 l - a cursed -4 ring of intelligence
 y - an uncursed ring of see invisible {unknown}
Wands
 q - a wand of digging (6)
 z - a wand of disintegration (12)
Scrolls
 g - a scroll of magic mapping
 o - 8 scrolls of remove curse
 p - 2 scrolls of fog
 s - a scroll of enchant weapon
 x - a scroll of identify
Potions
 b - a potion of degeneration
 e - 2 potions of mutation
 f - a potion of stabbing
 m - 2 potions of curing
 n - a potion of resistance
 r - 3 potions of flight
 v - a potion of might {unknown}
 w - 2 potions of haste {unknown}


   Skills:
 - Level 1.0 Fighting
 - Level 1.5 Dodging
 + Level 9.6 Unarmed Combat
 - Level 2.0 Spellcasting
 + Level 9.3 Transmutations


You had 8 spell levels left.
You knew the following spells:

 Your Spells              Type           Power        Failure   Level
a - Beastly Appendage     Tmut           #####.       1%          1
b - Spider Form           Tmut/Pois      ###.......   8%          3

Your spell library contained the following spells:

 Spells                   Type           Power        Failure   Level
 Wereblood                Tmut           #####...     1%          2
 Blade Hands              Tmut           #####.....   11%         5
 Animate Skeleton         Necr           #.....       17%         1
 Apportation              Tloc           #.....       17%         1
 Corona                   Hex            #......      17%         1
 Freeze                   Ice            #...         17%         1
 Shock                    Conj/Air       #...         17%         1
 Summon Small Mammal      Summ           #...         17%         1
 Swiftness                Air            #.......     26%         2
 Ice Form                 Ice/Tmut       ###.....     26%         4
 Frozen Ramparts          Ice            #.....       45%         3
 Ozocubu's Armour         Ice            #.......     45%         3
 Static Discharge         Conj/Air       #.......     45%         3
 Airstrike                Air            #.........   86%         4
 Hailstorm                Conj/Ice       #.......     86%         4
 Summon Ice Beast         Ice/Summ       #.......     86%         4
 Lightning Bolt           Conj/Air       #.........   99%         5


Dungeon Overview and Level Annotations

Branches:
Dungeon (8/15)             Temple (1/1) D:7
   Lair: D:8-11

Altars:
Ashenzari
Cheibriados
Dithmenos
Fedhas
Gozag
Hepliaklqana
Kikubaaqudgha
Makhleb
Okawaru
Qazlal
Ru
Sif Muna
Trog
Uskayaw
Vehumet
Wu Jian
Xom
Yredelemnul
Zin
The Shining One


Innate Abilities, Weirdness & Mutations

You cannot wear boots.
Your serpentine skin is tough. (AC +3)
You have supernaturally acute eyesight. (SInv)
Armour fits poorly on your strangely shaped body.
Your system is resistant to poisons. (rPois)
You cover ground very slowly.
You can spit poison.


Message History

Your +1 pair of gloves unmelds from your body.
Your +0 robe unmelds from your body.
The orc warrior hits you with a +0 scimitar of electrocution!
* * * LOW HITPOINT WARNING * * *
You're too confused!
Unknown command.
Unknown command.
You miss the orc warrior.
The orc warrior is severely wounded.
The orc warrior looks more healthy.
The orc wizard gestures wildly while chanting.
The orc wizard seems to speed up.
The orc warrior closely misses you.
You barely miss the orc warrior.
The orc warrior is severely wounded.
The ice beast hits you.
* * * LOW HITPOINT WARNING * * *
The ice beast freezes you. You resist.
* * * LOW HITPOINT WARNING * * *
The orc warrior hits you with a +0 scimitar of electrocution!!
You die...

#.#......#.#
#..........# #######
###....##### #.....#
###.......#####.....####
........................
###.#.###.#.###.......#
#.#.# #.#.###.......#
#.#.# #.#...........#
#.#.# #.#.###.@o....##
#.#.# #.#.# #.oY.....#
........#######.##.#.#
#.#.# #..Yooo...# #
##.########


You could see an orc warrior, an ice beast and an orc wizard (fast).

Vanquished Creatures
  Prince Ribbit (D:7)
  Eustachio (D:6)
  An orc warrior (D:6)
  An ice beast (D:8)
  3 sky beasts
  An ogre (D:5)
  2 phantoms
  A centaur (D:7)
  A bullfrog (D:7)
  3 scorpions
  5 killer bees
  5 wights (D:4)
  A howler monkey (D:7)
  A quasit (D:4)
  3 orc wizards (D:6)
  2 centaur skeletons (D:7)
  4 orc priests
  2 hounds
  2 iguanas (D:4)
  3 worker ants
  A hound zombie (D:6)
  2 hound skeletons
  A howler monkey zombie (D:5)
  7 gnolls
  11 adders
  2 white imps (D:6)
  2 ufetubi
  2 worms
  4 dart slugs
  2 leopard geckos
  19 orcs
  5 giant cockroaches
  10 hobgoblins
  7 jackals
  6 kobolds
  6 bats
  10 frilled lizards
  9 goblins
  2 jackal skeletons (D:4)
  A quokka skeleton (D:4)
  4 rats
156 creatures vanquished.

Notes
Turn   | Place    | Note
-------+----------+-------------------------------------------
     0 | D:1      | kae the Naga Transmuter began the quest for the Orb.
     0 | D:1      | Reached XP level 1. HP: 18/18 MP: 3/3
   522 | D:1      | Reached XP level 2. HP: 5/25 MP: 3/5
  1564 | D:2      | Reached XP level 3. HP: 8/31 MP: 6/6
  2677 | D:2      | Reached XP level 4. HP: 29/38 MP: 5/7
  2682 | D:2      | Learned a level 3 spell: Spider Form
  3594 | D:3      | Reached XP level 5. HP: 36/44 MP: 1/8
  4124 | D:3      | Found a snail-covered altar of Cheibriados.
  4245 | D:3      | HP: 2/44 [poisoned by an adder]
  4885 | D:3      | Reached skill level 5 in Unarmed Combat
  5218 | D:4      | Reached XP level 6. HP: 37/51 MP: 5/9
  5485 | D:4      | Noticed a phantom
  5512 | D:4      | Killed a phantom
  5512 | D:4      | Reached skill level 5 in Transmutations
  6130 | D:4      | Reached XP level 7. HP: 36/57 MP: 7/10
  7114 | D:5      | Entered Level 5 of the Dungeon
  7614 | D:5      | Reached XP level 8. HP: 35/64 MP: 8/11
  8139 | D:6      | Noticed Eustachio
  8176 | D:6      | Killed Eustachio
  8473 | D:6      | Found a broken altar of Ashenzari.
  8582 | D:6      | Reached XP level 9. HP: 45/70 MP: 9/12
  9159 | D:7      | Found a staircase to the Ecumenical Temple.
  9173 | D:7      | Noticed Prince Ribbit
  9180 | D:7      | Killed Prince Ribbit
  9208 | Temple   | Entered the Ecumenical Temple
  9642 | D:7      | Found an ancient bone altar of Kikubaaqudgha.
  9745 | D:3      | Became a worshipper of Cheibriados the Contemplative
 10300 | D:7      | Identified a scroll of acquirement
 10300 | D:7      | Acquired 631 gold pieces
 10477 | D:8      | HP: 1/70 [orc wizard/magic dart (6)]
 10489 | D:8      | Mangled by an orc warrior

Illustrated notes

Levels and vault maps discovered:
D:1:      dpeg_arrival_leaves_temple_mockup, layout_loops_ring
D:2:      layout_basic
D:3:      layout_rooms, kennysheep_slug_shrine
D:4:      layout_loops_ring
D:5:      layout_loops_ring
D:6:      layout_rooms, nicolae_ashenzari_panopticon, minmay_misc_feat_rows,
          minmay_misc_feat_more_columns, uniq_eustachio
D:7:      layout_basic, lemuel_crystal_altar, temple_statues,
          uniq_prince_ribbit1
D:8:      layout_basic, gammafunk_ghost_nasty_kobolds, disabler_island
Temple:   minmay_crystal_spiral_temple

Skill      XL: |  1  2  3  4  5  6  7  8  9 |
---------------+----------------------------+-----
Transmutations | 3 4 5 6 8 9 |  9.3
Unarmed Combat | 4 5 6 8 9 |  9.6
Fighting       | |  1.0
Dodging        | |  1.5
Spellcasting   | |  2.0

Action                   |  1- 3 |  4- 6 |  7- 9 || total
-------------------------+-------+-------+-------++-------
Melee: Unarmed           |   120 |   191 |   267 ||   578
       Headbutt          |     8 |    12 |       ||    20
       Punch             |     1 |     1 |     1 ||     3
 Cast: Beastly Appendage |    22 |    21 |       ||    43
       Spider Form       |       |    14 |    37 ||    51
 Abil: Spit Poison       |    13 |     7 |     1 ||    21
  Use: Scroll            |     4 |     6 |     5 ||    15
       Potion            |       |       |    10 ||    10
 Stab: Sleeping          |       |       |     4 ||     4
Armor: Robe              |    20 |    33 |     6 ||    59
       Skin              |       |     5 |    23 ||    28
Dodge: Dodged            |    97 |   112 |   280 ||   489

Table legend: (Time is in decaauts)
 A = Elapsed time spent in this place.
 B = Non-inter-level travel time spent in this place.
 C = Inter-level travel time spent in this place.
 D = Time resting spent in this place.
 E = Time spent auto-exploring this place.
 F = Levels seen in this place.
 G = Mean time per level.
                   A        B        C        D        E       F      G
               +--------+--------+--------+--------+--------+-----+--------+
         Total |  12328 |  11354 |    974 |   1590 |   8349 |   9 | 1369.8 |
       Dungeon |  12091 |  11238 |    853 |   1590 |   8233 |   8 | 1511.4 |
        Temple |    236 |    116 |    120 |      0 |    116 |   1 |  236.0 |
               +--------+--------+--------+--------+--------+-----+--------+

Top non-repeatable levels by time:
     D:2: 2126 daAuts
     D:4: 2116 daAuts
     D:3: 2074 daAuts
     D:1: 1776 daAuts
     D:6: 1434 daAuts
     D:7: 1220 daAuts
     D:5: 1075 daAuts
     D:8: 267 daAuts
  Temple: 236 daAuts
